 Dungeon Crawl Stone Soup version 0.19.1-1-g22dce08 (webtiles) character file.

2701 TuxedoFelix the Carver (level 9, -7/78 HPs)
             Began as a Minotaur Fighter on Jan 15, 2017.
             Was a Follower of Qazlal.
             Mangled by an unseen horror (12 damage)
             ... on level 8 of the Dungeon.
             The game lasted 01:07:41 (9626 turns).

TuxedoFelix the Carver (Minotaur Fighter)           Turns: 9626, Time: 01:07:42

Health: -7/78      AC:  3    Str: 30    XL:     9   Next: 38%
Magic:  8/8        EV: 16    Int:  5    God:    Qazlal [*.....]
Gold:   141        SH: 17    Dex:  9    Spells: 0 memorised, 8 levels left

rFire  . . .     SeeInvis .     a - +2 long sword
rCold  . . .     Gourm    +     (no armour)
rNeg   . . .     Faith    .     c - +3 shield
rPois  .         Spirit   .     (helmet restricted)
rElec  .         Reflect  .     (no cloak)
rCorr  .         Harm     .     o - +0 pair of gloves
MR     .....                    j - +1 pair of boots
Stlth  ++........               E - amulet of the gourmand
                                (no ring)
                                D - +5 ring of evasion

@: mighty, flying
A: retaliatory headbutt, horns 2
a: Renounce Religion


You were on level 8 of the Dungeon.
You worshipped Qazlal.
Qazlal was aware of your devotion.
You were full.

You visited 2 branches of the dungeon, and saw 9 of its levels.

You collected 438 gold pieces.
You spent 297 gold pieces at shops.

Inventory:

Hand Weapons
 a - a +2 long sword (weapon)
Missiles
 p - 8 tomahawks (quivered)
Armour
 c - a +3 shield (worn)
 j - a +1 pair of boots (worn)
 o - a +0 pair of gloves (worn)
 s - a +0 plate armour
 v - the +1 robe "Xykhesyrr" {rF++ Dex-2}
   (You found it on level 4 of the Dungeon)

   It affects your dexterity (-2).
   It greatly protects you from fire.
Jewellery
 D - a +5 ring of evasion (left hand)
 E - an amulet of the gourmand (around neck)
Wands
 d - a wand of iceblast (5/15)
 e - a wand of paralysis (6/24)
 u - a wand of lightning (8/15)
 y - a wand of flame (29/48)
 F - a wand of flame (10/48)
Scrolls
 h - a scroll of immolation
 n - 5 scrolls of amnesia
 r - 4 scrolls of remove curse
 w - a scroll of fog
Potions
 b - a potion of mutation
 k - a potion of brilliance
 x - a potion of cancellation
 z - a potion of flight
 B - 2 potions of agility
Comestibles
 f - 7 bread rations
 l - 10 fruits
 q - a meat ration
 A - a beef jerky


   Skills:
 + Level 6.5 Fighting
 + Level 9.5 Long Blades
 + Level 7.0 Armour
 + Level 2.9 Dodging
 + Level 2.0 Stealth
 + Level 8.7 Shields
 + Level 1.0 Evocations


You had 8 spell levels left.
You didn't know any spells.

Dungeon Overview and Level Annotations

Branches:
Dungeon (8/15)             Temple (1/1) D:5
   Lair: D:8-11

Altars:
Ashenzari
Cheibriados
Elyvilon
Fedhas
Gozag
Hepliaklqana
Kikubaaqudgha
Makhleb
Nemelex Xobeh
Okawaru
Qazlal
Ru
Sif Muna
Trog
Uskayaw
Vehumet
Xom
Yredelemnul
Zin
The Shining One

Shops:
D:6 (   D:7 %(??[

Annotations:
D:8 exclusion: oklob plant


Innate Abilities, Weirdness & Mutations

You reflexively headbutt those who attack you in melee.
You have a pair of horns on your head.


Message History

The scroll dissolves into smoke.
Something hits you.
* * * LOW HITPOINT WARNING * * *
Something closely misses you. Something hits you.
* * * LOW HITPOINT WARNING * * *
You block something's attack.
As you read the scroll of fear, it crumbles to dust.
You assume a fearsome visage.
You start resting.
You block something's attack. Something hits you!
* * * LOW HITPOINT WARNING * * *
Something hits you.
* * * LOW HITPOINT WARNING * * *
You closely miss something. You block something's attack. Something hits you!
* * * LOW HITPOINT WARNING * * *
Something completely misses you.
You feel very buoyant.
You fly up into the air.
Something hits you!
You die...

...# #.#.# #.<.. ..######
#.#.# #.### .......#
#.#.# #.# .......# #.#.#
#.# ..####.## #.#.######
#.# ........#
#.#.##.§§#####.#
..####.>####
#.#.##..§§§§§§.# ..#
#.....# #.#.##§§§#######
..####..##.#####@#.###.##
.).....................#
..####.#################
.## #.# ######.# .......#
########


There were no monsters in sight!

Vanquished Creatures
  A hippogriff (D:7)
  3 orc warriors
  A sky beast (D:7)
  4 phantoms
  A necrophage (D:8)
  An ice beast (D:7)
  2 ogres
  2 centaurs
  3 bullfrogs
  A big kobold (D:8)
  2 howler monkeys (D:6)
  A crimson imp (D:6)
  A bullfrog zombie (D:7)
  3 orc priests
  2 hounds
  A jelly (D:6)
  2 bullfrog skeletons (D:8)
  3 orc wizards
  A gnoll shaman (D:4)
  A centaur skeleton (D:6)
  7 worker ants
  A hound zombie (D:7)
  A howler monkey zombie (D:8)
  Robin (D:3)
  10 adders
  4 shadow imps
  An ooze (D:1)
  An adder skeleton (D:4)
  3 worms
  A dart slug (D:1)
  3 leopard geckos
  24 orcs
  11 giant cockroaches
  22 goblins
  16 hobgoblins
  18 jackals
  15 kobolds
  A quokka (D:6)
  A ball python (D:2)
  2 bats (D:1)
  8 frilled lizards
  A quokka zombie (D:7)
  4 rats
192 creatures vanquished.

Notes
Turn   | Place    | Note
-------+----------+-------------------------------------------
     0 | D:1      | TuxedoFelix the Minotaur Fighter began the quest for the Orb.
     0 | D:1      | Reached XP level 1. HP: 19/19 MP: 0/0
   143 | D:1      | Reached XP level 2. HP: 27/27 MP: 1/1
   603 | D:1      | Reached XP level 3. HP: 28/33 MP: 2/2
   898 | D:1      | Reached skill level 3 in Long Blades
  1447 | D:2      | Reached XP level 4. HP: 39/40 MP: 3/3
  1805 | D:2      | Found a faded altar of an unknown god.
  2205 | D:3      | Noticed Robin
  2232 | D:3      | Killed Robin
  2232 | D:3      | Reached skill level 4 in Long Blades
  2232 | D:3      | Reached XP level 5. HP: 45/46 MP: 4/4
  2263 | D:3      | Reached skill level 1 in Dodging
  2466 | D:3      | Noticed an ogre
  2474 | D:3      | Killed an ogre
  2474 | D:3      | Reached skill level 5 in Long Blades
  2474 | D:3      | Reached skill level 5 in Shields
  2474 | D:3      | Reached XP level 6. HP: 40/53 MP: 5/5
  2797 | D:3      | Found a glowing golden altar of the Shining One.
  3485 | D:4      | Got a pitted dagger
  3493 | D:4      | Got an opalescent robe
  3498 | D:4      | Found an opulent altar of Gozag.
  3499 | D:4      | Found a sparkling altar of Nemelex Xobeh.
  3499 | D:4      | Found an ancient bone altar of Kikubaaqudgha.
  3500 | D:4      | Found a basalt altar of Yredelemnul.
  4059 | D:4      | Reached skill level 6 in Long Blades
  4182 | D:5      | Entered Level 5 of the Dungeon
  4209 | D:5      | Reached XP level 7. HP: 31/60 MP: 6/6
  4257 | D:5      | HP: 3/60 [orc warrior/trident (14)]
  4566 | D:5      | Reached skill level 5 in Armour
  4642 | D:5      | Reached skill level 5 in Fighting
  4803 | D:5      | Identified the +1 robe "Xykhesyrr" {rF++ Dex-2} (You found it on level 4 of the Dungeon)
  4889 | D:5      | Found a staircase to the Ecumenical Temple.
  4903 | Temple   | Entered the Ecumenical Temple
  5214 | Temple   | Became a worshipper of Qazlal Stormbringer
  5721 | D:6      | Reached skill level 1 in Stealth
  5754 | D:6      | Reached skill level 7 in Long Blades
  5879 | D:6      | Reached XP level 8. HP: 67/68 MP: 7/7
  6419 | D:6      | Found Ophuenwi's Antique Weapon Shoppe.
  6423 | D:6      | Found a white marble altar of Elyvilon.
  6807 | D:7      | Noticed a hippogriff
  6821 | D:7      | Killed a hippogriff
  6821 | D:7      | Reached skill level 1 in Evocations
  6908 | D:7      | Found Geas's Antique Armour Boutique.
  6935 | D:7      | Reached * piety under Qazlal
  7048 | D:7      | Reached skill level 8 in Long Blades
  7307 | D:7      | Found Keril's Magic Scroll Shop.
  7312 | D:7      | Bought a scroll of identify for 22 gold pieces
  7312 | D:7      | Bought a scroll of enchant weapon for 82 gold pieces
  7312 | D:7      | Bought a scroll of remove curse for 33 gold pieces
  7312 | D:7      | Bought a scroll of enchant weapon for 82 gold pieces
  7312 | D:7      | Bought a scroll of identify for 22 gold pieces
  7402 | D:7      | Found Panoesip's Antique Weapon Emporium.
  7457 | D:7      | Found a shattered altar of Ashenzari.
  7681 | D:7      | Found Pusuhoid's Magic Scroll Shoppe.
  7684 | D:7      | Bought a scroll of identify for 28 gold pieces
  7684 | D:7      | Bought a scroll of identify for 28 gold pieces
  7872 | D:7      | Found Heotuc's Food Emporium.
  8128 | D:8      | Found a deep blue altar of Sif Muna.
  8169 | D:8      | Reached XP level 9. HP: 75/75 MP: 8/8
  8185 | D:8      | Found an ancient bone altar of Kikubaaqudgha.
  8239 | D:8      | Reached skill level 9 in Long Blades
  9437 | D:8      | Found a blossoming altar of Fedhas.
  9457 | D:8      | Noticed an oklob plant
  9626 | D:8      | Mangled by an unseen horror

Skill      XL: |  1  2  3  4  5  6  7  8  9 |
---------------+----------------------------+-----
Armour         | 4 5 6 7 |  7.0
Shields        | 4 5 6 8 |  8.7
Long Blades    | 3 4 5 6 7 8 9 |  9.5
Fighting       | 4 5 6 |  6.5
Dodging        | 1 2 |  2.9
Stealth        | 1 2 |  2.0
Evocations     | 1 |  1.0

Action                   |  1- 3 |  4- 6 |  7- 9 || total
-------------------------+-------+-------+-------++-------
Melee: Long sword        |   134 |   186 |   298 ||   618
       Headbutt          |    16 |    28 |    57 ||   101
Evoke: Wand              |       |       |    12 ||    12
  Use: Scroll            |       |     6 |    20 ||    26
       Potion            |       |     1 |     8 ||     9
 Stab: Paralysed         |       |       |     5 ||     5
       Sleeping          |       |       |     1 ||     1
  Eat: Pizza             |     1 |       |       ||     1
       Chunk             |       |     5 |    19 ||    24
       Bread ration      |       |     1 |     1 ||     2
Armor: Scale mail        |    61 |    63 |    13 ||   137
       Robe              |       |       |    22 ||    22
       Plate armour      |       |       |    94 ||    94
       Skin              |       |       |     4 ||     4
Dodge: Dodged            |    43 |    38 |    65 ||   146
Block: Shield            |    94 |    67 |   200 ||   361
       Rpst.: Long sword |     9 |    13 |    14 ||    36
